 Dungeon Crawl Stone Soup version 0.30-a0-620-g0e44632947 (webtiles) character file.

Game seed: 1592265906671939178

194 Malachi the Sneak (level 5, -2/25 HPs)
             Began as a Felid Monk on Jan 10, 2023.
             Was a Priest of Trog.
             Killed by divine providence
             ... invoked by an orc priest
              (16 damage)
             ... on level 4 of the Dungeon.
             The game lasted 00:03:25 (3104 turns).

Malachi the Sneak (Felid Monk)                      Turns: 3104, Time: 00:03:26

Health: -2/25      AC:  2    Str:  7    XL:     5   Next: 44%
Magic:  6/6        EV: 21    Int: 11    God:    Trog [***...]
Gold:   170        SH:  0    Dex: 21    Spells: 4/4 levels left
                                        Lives:  0   Deaths: 1

rFire   . . .      SeeInvis +      - Unarmed
rCold   . . .      Faith    .    (shield unavailable)
rNeg    . . .      Spirit   .    (body armour unavailable)
rPois   .          Reflect  .    (helmet unavailable)
rElec   .          Harm     .    (cloak unavailable)
rCorr   .          Rampage  .    (gloves unavailable)
Will    .....                    (boots unavailable)
Stlth   ++++                     (no amulet)
HPRegen 0.24/turn                (no ring)
MPRegen 0.10/turn                (no ring)

@: quick
A: very small, claws 1, fangs 3, see invisible, speed 1, shaggy fur 2, stealthy
paws, no weapons or thrown items, no armour, multi-lived, antennae 1
a: Renounce Religion, Berserk, Trog's Hand


You were on level 4 of the Dungeon.
You worshipped Trog.
Trog was most pleased with you.
You visited 1 branch of the dungeon, and saw 5 of its levels.

You collected 170 gold pieces.

Inventory:

Jewellery
 m - an amulet of magic regeneration
Scrolls
 c - 9 scrolls of teleportation
 f - a scroll of vulnerability
Potions
 a - 4 potions of ambrosia
 b - a potion of invisibility
 d - 4 potions of lignification
 e - a potion of resistance {unknown}
 g - 2 potions of brilliance
 h - a potion of heal wounds


   Skills:
 + Level 4.2 Fighting
 + Level 5.5 Dodging
 * Level 6.5 Stealth
 + Level 4.1 Unarmed Combat


You had 4 spell levels left.
You didn't know any spells.
Your spell library was empty.

Dungeon Overview and Level Annotations

Branches:
Dungeon (5/15)
 Temple: D:4-7

Altars:
Qazlal
Trog

Shops:
D:3 [


Innate Abilities, Weirdness & Mutations

You have sharp claws.
You have razor-sharp teeth.
You have supernaturally acute eyesight. (SInv)
You cover ground quickly. (Speed+)
You are covered in thick fur. (AC +2)
Your paws help you pounce on unaware monsters.
You are incapable of wielding weapons or throwing items.
You cannot wear armour.
You gain extra lives every three experience levels.
You have a pair of small antennae on your head.


Message History

You are lethally poisoned!
The adder poisons you!
A worm comes into view.
The orc priest hits you with a +0 dagger of protection.
* * * LOW HITPOINT WARNING * * *
The orc wizard hits you with a +0 dagger.
You die...
The orc priest invokes the aid of Beogh against you.
Beogh smites you!
You are now level 5!
You rejoin the land of the living...
An endoplasm comes into view.
The endoplasm moves out of view.
Found a stone staircase leading down.
There is a stone staircase leading down here.
There is a stone staircase leading down here.
There are monsters nearby!
There are monsters nearby!
There are monsters nearby!
There are monsters nearby!
There are monsters nearby!
The orc priest shouts!
The orc hits you with a +0 morningstar. The orc completely misses you.
The endoplasm quivers.
The orc wizard shouts!
The orc priest shouts!
You scratch the orc.
The orc is almost dead.
The orc completely misses you. The orc misses you.
You completely miss the orc. Your bite misses the orc.
The orc is almost dead.
The endoplasm misses you. The orc misses you. The orc completely misses you.
You scratch the orc.
You kill the orc!
Trog accepts your kill. The endoplasm freezes you.
You are frozen.
The orc priest mumbles some strange prayers to Beogh against you.
Beogh smites you!
Ouch! That really hurt!
You die...

.....## ...#
......####.......#
............#.....
....<.......#....# .##
#.............#..###..##
..............#....#...###
#.........................
#.......o......J.........
##......†..o.!.)@.....####
#.....##.w...........#..#
## #####.#
......o......#o. ..# #.#
..o..........####...# ...
.o...######.........#
.........# #.........#
........### ##........#
...# #.######## #.#


You could see a worm, 2 orc priests, an orc wizard, 2 orcs and an endoplasm.

Vanquished Creatures
  Sigmund (D:2)
  A necrophage (D:4)
  2 orc priests (D:4)
  5 adders
  A dart slug (D:3)
  5 orcs
  4 endoplasms
  3 giant cockroaches
  5 goblins
  4 hobgoblins
  4 kobolds
  A quokka (D:2)
  7 ball pythons
  4 bats
  A frilled lizard (D:1)
  4 rats
52 creatures vanquished.

Notes
Turn   | Place    | Note
-------+----------+-------------------------------------------
     0 | D:1      | Malachi the Felid Monk began the quest for the Orb.
     0 | D:1      | Reached XP level 1. HP: 10/10 MP: 2/2
   108 | D:1      | Reached skill level 3 in Stealth
   274 | D:1      | Reached XP level 2. HP: 14/14 MP: 3/3
   429 | D:1      | Found a faded altar of an unknown god.
   492 | D:1      | Prayed at the altar of an unknown god.
   492 | D:1      | Became a worshipper of Trog the Wrathful
   492 | D:1      | Reached * piety under Trog
   492 | D:1      | Reached ** piety under Trog
  1025 | D:2      | Reached XP level 3. HP: 17/17 MP: 4/4
  1095 | D:2      | Reached skill level 4 in Stealth
  1107 | D:2      | Reached *** piety under Trog
  1186 | D:2      | Noticed Sigmund
  1199 | D:2      | Killed Sigmund
  1200 | D:2      | Reached skill level 5 in Dodging
  1200 | D:2      | Reached skill level 5 in Stealth
  1200 | D:2      | Reached XP level 4. HP: 22/22 MP: 5/5
  1200 | D:2      | Reached XP level 5. HP: 25/25 MP: 6/6
  1651 | D:2      | Found a stormy altar of Qazlal.
  1674 | D:2      | Gained mutation: You are frail. (-10% HP) [potion of
                  | mutation]
  1674 | D:2      | Gained mutation: Your muscles are strong. (Str +4, Int/Dex
                  | -1) [potion of mutation]
  2259 | D:3      | Found Zecuvoemue's Antique Armour Boutique.
  2447 | D:3      | Lost mutation: You are frail. (-10% HP) [potion of
                  | mutation]
  2447 | D:3      | Lost mutation: Your muscles are strong. (Str +4, Int/Dex
                  | -1) [potion of mutation]
  2447 | D:3      | Gained mutation: You have a pair of small antennae on your
                  | head. [potion of mutation]
  2839 | D:5      | Entered Level 5 of the Dungeon
  2915 | D:4      | Reached skill level 6 in Stealth
  2915 | D:4      | Gained mutation: You are covered in thick fur. (AC +2)
                  | [Felid growth]
  2915 | D:4      | Reached XP level 6. HP: 28/28 MP: 7/7
  3081 | D:4      | HP: 2/42 [adder (2)]
  3081 | D:4      | Slain by an orc wizard
  3082 | D:4      | Reached XP level 5. HP: -1/37 MP: 6/6
  3104 | D:4      | Killed from afar by an orc priest

Illustrated notes

Levels and vault maps discovered:
D:1:      dpeg_arrival_tiny_i, layout_basic, chequers_ecumenical_altar_lobes
D:2:      minmay_evil_eye, layout_basic, basic_altar, uniq_sigmund
D:3:      layout_rooms, serial_shops, nicolae_shop_behind_doors
D:4:      layout_rooms, marbit_many_paths, corexii_shack
D:5:      layout_gridville, portal_sewer_entry_a

Skill      XL: |  1  2  3  4  5 |
---------------+----------------+-----
Stealth        | 3 5 6 |  6.5
Dodging        | 5 |  5.5
Fighting       | 4 |  4.2
Unarmed Combat | 4 |  4.1

Action                   |  1- 3 |  4- 6 || total
-------------------------+-------+-------++-------
Melee: Unarmed           |    46 |    79 ||   125
       Bite              |     2 |     6 ||     8
       Punch             |     1 |     2 ||     3
Invok: Berserk           |     1 |     4 ||     5
  Use: Scroll            |       |     9 ||     9
       Potion            |       |     8 ||     8
 Stab: Sleeping          |    10 |     6 ||    16
       Distracted        |       |     1 ||     1
Armor: Skin              |     1 |     4 ||     5
Dodge: Dodged            |    28 |    66 ||    94

Table legend: (Time is in decaauts)
 A = Elapsed time spent in this place.
 B = Non-inter-level travel time spent in this place.
 C = Inter-level travel time spent in this place.
 D = Time resting spent in this place.
 E = Time spent auto-exploring this place.
 F = Levels seen in this place.
 G = Mean time per level.
                   A        B        C        D        E       F      G
               +--------+--------+--------+--------+--------+-----+--------+
         Total |   2678 |   2586 |     92 |    593 |   1623 |   5 |  535.6 |
       Dungeon |   2678 |   2586 |     92 |    593 |   1623 |   5 |  535.6 |
               +--------+--------+--------+--------+--------+-----+--------+

Top non-repeatable levels by time:
     D:2: 1079 daAuts
     D:1: 814 daAuts
     D:3: 492 daAuts
     D:4: 223 daAuts
     D:5: 68 daAuts
